 Dungeon Crawl Stone Soup version 0.26.0-16-gc1dbca0489 (webtiles) character file.

Game seed: 246922911283703549

126 thiole the Sneak (level 5, 0/32 HPs)
             Began as an Octopode Hedge Wizard on Jan 21, 2021.
             Was a Believer of Elyvilon.
             Slain by a frilled lizard (3 damage)
             ... on level 4 of the Dungeon.
             The game lasted 00:05:23 (3544 turns).

thiole the Sneak (Octopode Hedge Wizard)            Turns: 3544, Time: 00:05:24

Health: 0/32       AC:  1    Str: 10    XL:     5   Next: 9%
Magic:  10/10      EV: 13    Int: 17    God:    Elyvilon [**....]
Gold:   145        SH:  0    Dex: 11    Spells: 2/10 levels left

rFire    . . .     SeeInvis .   e - +1 spear (flame)
rCold    . . .     Faith    .   (no shield)
rNeg     . . .     Spirit   .   b - +0 hat
rPois    .         Reflect  .   (no amulet)
rElec    .         Harm     .   (no ring)
rCorr    .         Rampage  .   (no ring)
Will     .....                  (no ring)
Stlth    ++++......             (no ring)
HPRegen  0.10/turn              (no ring)
MPRegen  0.12/turn              (no ring)
                                (no ring)
                                (no ring)

@: brilliant
A: almost no armour, stealthy swim, amphibious, 8 rings, constrict 8, camouflage
1, gelatinous body 1
a: Renounce Religion, Lesser Healing, Heal Other, Divine Protection


You were on level 4 of the Dungeon.
You worshipped Elyvilon.
Elyvilon was pleased with you.
You visited 1 branch of the dungeon, and saw 4 of its levels.

You collected 145 gold pieces.

Inventory:

Hand Weapons
 a - a +0 dagger
 e - a +1 spear of flaming (weapon)
 i - a +1 dagger of venom
Armour
 b - a +0 hat (worn)
Scrolls
 c - 3 scrolls of fog
 f - 3 scrolls of identify
 g - a scroll of amnesia {unknown}
 j - 2 scrolls of magic mapping {unknown}
 k - a scroll of enchant armour {unknown}
 n - 2 scrolls of enchant weapon {unknown}
 o - 2 scrolls of blinking {unknown}
Potions
 d - 2 potions of invisibility {unknown}
 h - 3 potions of brilliance
 l - a potion of berserk rage {unknown}
 m - a potion of haste {unknown}


   Skills:
 + Level 0.7 Fighting
 - Level 2.0 Dodging
 * Level 4.8 Stealth
 + Level 3.3 Spellcasting
 - Level 2.0 Conjurations
 + Level 0.5 Hexes
 - Level 2.0 Summonings
 - Level 1.0 Translocations
 * Level 1.1 Air Magic


You had 2 spell levels left.
You knew the following spells:

 Your Spells              Type           Power        Failure   Level
a - Magic Dart            Conj           56%          8%          1
b - Call Imp              Summ           14%          11%         2
c - Slow                  Hex            7%           21%         2
d - Mephitic Cloud        Conj/Pois/Air  9%           32%         3

Your spell library contained the following spells:

 Spells                   Type           Power        Failure   Level
 Blink                    Tloc           N/A          17%         2
 Conjure Flame            Conj/Fire      9%           32%         3


Dungeon Overview and Level Annotations

Branches:
Dungeon (4/15)
 Temple: D:4-7

Altars:
Elyvilon
Fedhas
Yredelemnul
Zin


Innate Abilities, Weirdness & Mutations

You cannot wear most types of armour.
You are very stealthy in the water. (Stealth+)
You are amphibious.
You can wear up to eight rings at the same time.
You can use your tentacles to constrict eight enemies at once.
Your skin changes colour to match your surroundings (Stealth+).
Your rubbery body absorbs attacks. (AC +1, EV +1)


Message History

You hit the iguana but do no damage. Your grab misses the iguana.
The iguana is almost dead.
The leopard gecko bites you but does no damage.
The frilled lizard barely misses you. The leopard gecko bites you.
* * * LOW HITPOINT WARNING * * *
The iguana barely misses you. The leopard gecko misses you.
You hit the iguana. You burn the iguana.
You kill the iguana!
The leopard gecko completely misses you.
The leopard gecko bites you.
* * * LOW HITPOINT WARNING * * *
The frilled lizard closely misses you. The leopard gecko bites you.
* * * LOW HITPOINT WARNING * * *
Your Air Magic skill increases to level 1!
You have reached level 5!
You feel stronger.
It was a potion of brilliance.
You feel clever all of a sudden. The frilled lizard bites you.
You die...

######
....###
#.ll.###
####.@ll..#
#...<#ll..#
#..#.#....#
#. #.#....#
# #.#...##
..###.# ###
##


You could see 2 leopard geckos and 4 frilled lizards.

Vanquished Creatures
  A hound (D:2)
  An iguana (D:4)
  3 worms (D:2)
  A dart slug (D:3)
  4 leopard geckos
  An orc (D:3)
  3 ball pythons
  3 bats
  2 giant cockroaches
  3 goblins (D:2)
  8 hobgoblins
  3 jackals (D:2)
  4 quokkas (D:3)
  5 frilled lizards
  8 kobolds
  6 rats
56 creatures vanquished.

Vanquished Creatures (others)
  8 plants (D:4)
8 creatures vanquished.

Grand Total: 64 creatures vanquished

Notes
Turn   | Place    | Note
-------+----------+-------------------------------------------
     0 | D:1      | thiole the Octopode Hedge Wizard began the quest for the
                  | Orb.
     0 | D:1      | Reached XP level 1. HP: 11/11 MP: 4/4
   488 | D:1      | Reached XP level 2. HP: 17/17 MP: 0/6
   491 | D:1      | Learned a level 2 spell: Call Imp
  1119 | D:2      | Reached skill level 3 in Stealth
  1265 | D:2      | Reached XP level 3. HP: 12/21 MP: 4/7
  1507 | D:2      | Found a white marble altar of Elyvilon.
  1524 | D:2      | Became a worshipper of Elyvilon the Healer
  1958 | D:2      | Reached skill level 4 in Stealth
  1958 | D:2      | Reached XP level 4. HP: 27/27 MP: 3/8
  2316 | D:2      | Learned a level 2 spell: Slow
  2326 | D:2      | Learned a level 3 spell: Mephitic Cloud
  2462 | D:2      | Found a glowing silver altar of Zin.
  2563 | D:2      | Reached * piety under Elyvilon
  2697 | D:3      | Found a blossoming altar of Fedhas.
  2894 | D:3      | Found a basalt altar of Yredelemnul.
  3346 | D:3      | Reached ** piety under Elyvilon
  3544 | D:4      | Reached skill level 1 in Air Magic
  3544 | D:4      | Reached XP level 5. HP: 3/32 MP: 10/10
  3544 | D:4      | Slain by a frilled lizard

Illustrated notes

Levels and vault maps discovered:
D:1:      onia_arrival_pentagram, layout_loops_corners,
          chequers_serial_rivers_large_a
D:2:      layout_basic, general_overflow_altar, elyvilon_altar_5
D:3:      layout_basic, yredelemnul_altar_generic, overflow_temple_1_default
D:4:      gammafunk_cloud_chamber, layout_basic, serial_shops,
          nicolae_shop_temple_entry_statues_fountains, minmay_lizard_king,
          uniq_menkaure

Skill      XL: |  1  2  3  4 |
---------------+-------------+-----
Stealth        | 3 4 |  4.8
Conjurations   | 2 |  2.0
Summonings     | 2 |  2.0
Air Magic      | 1 |  1.1
Fighting       | |  0.7
Dodging        | |  2.0
Spellcasting   | |  3.3
Hexes          | |  0.5
Translocations | |  1.0

Action                   |  1- 3 |  4- 6 || total
-------------------------+-------+-------++-------
Melee: Dagger            |    22 |       ||    22
       Constrict         |     9 |     6 ||    15
       Tentacles         |     5 |     4 ||     9
       Spear             |    10 |    34 ||    44
 Cast: Magic Dart        |    63 |    58 ||   121
  Use: Scroll            |     3 |       ||     3
       Potion            |       |     1 ||     1
 Stab: Sleeping          |     2 |     1 ||     3
Armor: Skin              |     5 |     2 ||     7
Dodge: Dodged            |    31 |    24 ||    55
